 Dungeon Crawl Stone Soup version 0.30.0-16-gbe6223bb7e (webtiles) character file.

Game seed: 16056352233963455921

113089 NateTC the Slayer (level 16, -3/208 HPs)
             Began as a Minotaur Chaos Knight on May 21, 2023.
             Was a Plaything of Xom.
             Slain by an orc warrior
             ... wielding a +0 halberd
              (5 damage)
             ... while petrified by you
             ... on level 2 of the Orcish Mines.
             The game lasted 00:45:18 (18114 turns).

NateTC the Slayer (Minotaur Chaos Knight)          Turns: 18114, Time: 00:45:18

Health: -3/208     AC: 28    Str: 29    XL:     16   Next: 13%
Magic:  15/15      EV:  2    Int: 19    God:    Xom [..*...]
Gold:   2322       SH:  0    Dex: 16    Spells: 15/15 levels left

rFire   + + .        a - +3 broad axe (flame)
rCold   + . .        X - +2 kite shield
rNeg    + + +        r - +6 chain mail of Experimentation {rPois}
rPois   ∞            (helmet unavailable)
rElec   +            l - +2 cloak {rCorr}
rCorr   +            J - +2 pair of gloves
SInv    +            E - +0 pair of boots of Gaoca {Str+3 Int+6}
Will    +++..        k - amulet of Conflict {Reflect rPois Int+3 SH+5} Stlth
                     d - ring of see invisible
HPRegen 0.54/turn    q - ring of resist corrosion
MPRegen 0.14/turn

%: reflection, clarity
@: mighty, agile, resistant, petrified, spiked, hasted and slowed
A: horns 3, retaliatory headbutt, talons 1, iridescent scales 1, agile 2,
clarity, clever 1, fire resistance 1, strong-willed 2, mutation resistance 1,
passive freeze, robust 2, screaming 1, strong 1, no potion heal 1, sturdy frame
1
a: Renounce Religion


You were on level 2 of the Orcish Mines.
You worshipped Xom.
You were a toy of Xom.
You visited 4 branches of the dungeon, and saw 19 of its levels.
You also visited: Bailey.

You collected 2911 gold pieces.
You spent 589 gold pieces at shops.

Inventory:

Hand Weapons
 a - a +3 broad axe of flaming (weapon)
 b - a +6 heavy morningstar
Armour
 j - a +3 buckler
 l - a +2 cloak of preservation (worn)
 r - the +6 chain mail of Experimentation (worn) {rPois}
   (You found it on level 4 of the Dungeon)

   rPois:     It protects you from poison.
 E - the +0 pair of boots of Gaoca (worn) {Str+3 Int+6}
   (You acquired it in a bailey)

   Str:       It affects your strength (+3).
   Int:       It affects your intelligence (+6).
 J - a +2 pair of gloves (worn)
 X - a +2 kite shield (worn)
Jewellery
 d - a ring of see invisible (left hand)
 k - the amulet of Conflict (around neck) {Reflect rPois Int+3 SH+5}
   (You found it on level 2 of the Snake Pit)

   [amulet of reflection]

   It reflects blocked missile attacks.
   Int:       It affects your intelligence (+3).
   rPois:     It protects you from poison.
   SH:        It affects your SH (+5).
 m - an amulet of regeneration
 q - a ring of resist corrosion (right hand)
 N - an amulet of the acrobat
 W - a ring of protection from fire
Wands
 o - a wand of mindburst (25)
 s - a wand of digging (20)
 y - a wand of iceblast (23)
 F - a wand of quicksilver (5)
 Q - a wand of charming (6)
 T - a wand of flame (9)
Scrolls
 g - 7 scrolls of amnesia
 h - 7 scrolls of fear
 i - 14 scrolls of teleportation
 z - 4 scrolls of fog
 C - a scroll of enchant armour
 D - a scroll of butterflies
 G - a scroll of silence
 H - 4 scrolls of torment
 M - 5 scrolls of poison
 O - 2 scrolls of enchant weapon
 P - 5 scrolls of identify
 R - a scroll of immolation
 V - 2 scrolls of magic mapping
Potions
 e - 7 potions of curing
 f - 6 potions of cancellation
 n - 3 potions of invisibility
 p - 4 potions of attraction
 t - 4 potions of flight
 u - 4 potions of mutation
 v - 7 potions of might
 w - 3 potions of heal wounds
 x - 8 potions of brilliance
 A - 2 potions of berserk rage
 B - 3 potions of haste
 K - 2 potions of resistance
 L - 4 potions of lignification
Miscellaneous
 c - a piece from Xom's chessboard (15/15) (quivered)
 S - a phantom mirror


   Skills:
 * Level 24.2 Fighting
 - Level 8.1(12.6) Axes
 - Level 15.2(16.0) Maces & Flails
 - Level 10.4 Armour
 - Level 1.1 Dodging
 - Level 15.2 Shields


You had 15 spell levels left.
You didn't know any spells.
Your spell library contained the following spells:

 Spells                   Type           Power      Damage    Failure   Level
 Apportation              Tloc           0%         N/A       56%         1
 Necrotise                Necr           0%         1d4       56%         1
 Sandblast                Erth           0%         2d4       56%         1
 Blink                    Tloc           0%         N/A       71%         2
 Passwall                 Tmut/Erth      0%         N/A       71%         2
 Static Discharge         Conj/Air       0%         2-2/arc   71%         2
 Sublimation of Blood     Necr           0%         N/A       71%         2
 Wereblood                Tmut           0%         N/A       71%         2
 Dazzling Flash           Conj/Hex       0%         N/A       90%         3
 Stone Arrow              Conj/Erth      0%         3d7       90%         3
 Tukima's Dance           Hex            0%         N/A       90%         3
 Vampiric Draining        Necr           0%         2d6       90%         3
 Airstrike                Air            0%         2d(0-16)  100%        4
 Animate Dead             Necr           0%         N/A       100%        4
 Leda's Liquefaction      Hex/Erth       0%         N/A       100%        4
 Manifold Assault         Tloc           0%         N/A       100%        4
 Passage of Golubria      Tloc           0%         N/A       100%        4
 Petrify                  Tmut/Erth      0%         N/A       100%        4
 Summon Lightning Spire   Summ/Air       0%         N/A       100%        4
 Agony                    Necr           0%         N/A       100%        5
 Alistair's Intoxication  Tmut/Pois      0%         N/A       100%        5
 Lee's Rapid Deconstruct  Erth           0%         3d4*      100%        5
 Metabolic Englaciation   Hex/Ice        0%         N/A       100%        5
 Silence                  Hex/Air        0%         N/A       100%        5
 Summon Mana Viper        Hex/Summ       0%         N/A       100%        5
 Simulacrum               Ice/Necr       0%         N/A       100%        6
 Statue Form              Tmut/Erth      0%         N/A       100%        6
 Haunt                    Necr/Summ      0%         N/A       100%        7
 Storm Form               Tmut/Air       0%         N/A       100%        7
 Summon Hydra             Summ           0%         N/A       100%        7
 Infestation              Necr           0%         N/A       100%        8
 Lehudib's Crystal Spear  Conj/Erth      0%         10d2      100%        8
 Necromutation            Tmut/Necr      0%         N/A       100%        8


Dungeon Overview and Level Annotations

Branches:
Dungeon (9/15) Zot: 26354  Temple (0/1) D:7            Lair (5/5) D:9 Zot: 24673
 Shoals (0/4) Lair:2        Snake (3/4) Lair:2 Zot: 15034   Slime (0/5) Lair:5
    Orc (2/2) D:9 Zot: 10225     Elf (0/3) Orc:2        Bailey (visited)

Altars:
Dithmenos
Elyvilon
Hepliaklqana
Makhleb
Nemelex Xobeh
Ru
Sif Muna
Trog
Uskayaw
Wu Jian
Xom
Zin
Jiyva

Shops:
D:3 [   D:4 (   Orc:1 *(   Orc:2 *?

Annotations:
D:5 2 transporters, adelrune's ghost, novice TrBe


Innate Abilities, Weirdness & Mutations

You have a pair of large horns on your head.
You reflexively headbutt those who attack you in melee.
You have sharp toenails.
You are partially covered in iridescent scales. (AC +2)
You are very agile. (Dex +8, Str/Int -2)
You possess an exceptional clarity of mind.
Your mind is acute. (Int +4, Str/Dex -1)
Your flesh is heat resistant. (rF+)
You are highly strong-willed. (Will++)
You are somewhat resistant to further mutation.
A frigid envelope surrounds you and freezes all who hurt you.
You are very robust. (+20% HP)
You occasionally shout uncontrollably at your foes.
Your muscles are strong. (Str +4, Int/Dex -1)
Potions are less effective at restoring your health.
Your movements are slightly less encumbered by armour. (ER -2)


Message History

You are engulfed in seething chaos. "Go forth and cause havoc, mortal!"
You feel as though your hastened speed will last longer.
The red devil hits you from afar with a +0 trident!
* * * LOW HITPOINT WARNING * * *
Xom is amused.
Barbed spikes become lodged in your body.
The orc high priest hits you but does no damage.
The orc high priest is very cold.
The orc high priest is heavily wounded.
The orc warrior hits you but does no damage.
The red devil hits you but does no damage.
You are engulfed in seething chaos.
You feel as though your hastened speed will last longer.
The red devil hits you but does no damage.
The orc high priest hits you but does no damage.
The orc high priest is very cold.
The orc high priest is heavily wounded.
The orc warrior hits you but does no damage.
The red devil barely misses you.
You are engulfed in seething chaos.
You feel as though you will be slow longer.
The red devil hits you but does no damage.
The orc high priest hits you but does no damage.
The orc high priest is very cold.
The orc high priest is severely wounded.
The orc warrior hits you but does no damage.
The red devil hits you from afar with a +1 vampiric demon trident.
* * * LOW HITPOINT WARNING * * *
Barbed spikes become lodged in your body.
You are engulfed in seething chaos.
The red devil hits you from afar with a +0 trident.
* * * LOW HITPOINT WARNING * * *
Barbed spikes become lodged in your body.
The orc high priest hits you but does no damage.
The orc high priest is very cold.
The orc high priest is severely wounded.
The orc warrior hits you from afar with a +0 halberd!
You die...
Xom giggles madly!

#..# #...# ##.)##.##
#.. ..###...##.#
.###.))...# ##.
.......# ...#
..###.##.## ## ..#.).#
#..# ...####### #
#....# #.. #.#.## ##
....## #...3...## #.
#).## ##4#4o...# ###.
.)..## #.4o)...# #...
#....## ##@#.# ###...
..#...## ##...# ##.....
...)..)## ##...##
#.##... .)###...##
##)..## ####...
#))###...###)).#####
#..[
##).###...#.).####.###
##.)
##))###.#.#)####....##
#..
##).###...###.......#
###
#####).###.###........#
#


You could see an orc high priest, a hellwing (summoned), a neqoxec (summoned), 2
red devils and an orc warrior.

Vanquished Creatures
  Vashnia (Snake:2)
  Nikola (Snake:2)
  Jorgrun (Orc:2)
  Asterion (Snake:1)
  Gastronok (Lair:1)
  Kirke (Snake:2)
  Aizul (Snake:1)
  An orc warlord (Orc:1)
  Harold (D:9)
  5 hydras
  2 boulder beetles
  A catoblepas (Lair:5)
  A centaur warrior (D:9)
  An ogre mage (Orc:1)
  A demonspawn (Orc:2)
  5 anacondas
  5 naga warriors
  10 death yaks
  6 two-headed ogres
  Erica (D:8)
  6 orc high priests
  Urug (Lair:1)
  A soul eater (Orc:2)
  A deep troll shaman (Lair:5)
  5 shock serpents
  7 naga sharpshooters
  A salamander mystic (Snake:2)
  A skyshark (Lair:3)
  Amaemon (Lair:1)
  4 naga ritualists
  A lindwurm (Lair:5)
  Pikel (D:8)
  5 orc knights
  3 mana vipers (Snake:2)
  7 salamanders
  3 orc sorcerers
  9 elephants
  4 guardian serpents
  Joseph (D:8)
  21 black mambas
  14 cane toads
  9 naga magi
  A torpor snail (Lair:4)
  Maggie (D:8)
  2 orange demons
  2 rime drakes
  11 komodo dragons
  Psyche (D:8)
  6 trolls
  A hellwing (Orc:2)
  4 polar bears
  3 hornets
  A dream sheep (Lair:3)
  18 blink frogs
  Grinder (D:5)
  Sigmund (D:3)
  A ynoxinul (Orc:2)
  3 wyverns
  Eustachio (D:4)
  51 yaks
  2 steam dragons
  3 basilisks
  The ghost of TrollFarmer the Magician, an amateur DjFE (D:4)
  Edmund (D:5)
  15 nagas
  13 water moccasins
  A warg (Orc:1)
  An acid dragon (D:9)
  Duvessa (D:4)
  46 orc warriors
  A sky beast (D:8)
  3 black bears
  2 ice beasts (D:7)
  11 ogres
  35 wolves
  5 centaurs
  3 phantoms
  3 lemures (D:8)
  2 kobold brigands (D:7)
  9 bullfrogs
  4 scorpions
  6 wights
  Dowan (D:4)
  17 killer bees
  7 electric eels
  3 howler monkeys (D:8)
  5 jellies
  4 hounds
  A gnoll bouda (D:7)
  25 orc priests
  A sleepcap (D:5)
  6 iguanas
  16 orc wizards
  4 hell rats (Lair:4)
  4 gnolls
  14 adders
  A shadow imp (D:6)
  3 white imps
  An ufetubus (D:7)
  A worm (D:5)
  A dart slug (D:4)
  61 orcs
  3 endoplasms
  A giant cockroach (D:2)
  14 goblins
  12 hobgoblins
  A quokka (D:2)
  5 ball pythons
  3 bats
  6 frilled lizards
  7 kobolds
  11 rats
669 creatures vanquished.

Vanquished Creatures (collateral kills)
  Mlioglotl (Snake:1)
  A naga warrior (Snake:1)
  A naga mage (Snake:2)
  A guardian serpent (Snake:1)
  An ogre (D:6)
  An orc (D:4)
6 creatures vanquished.

Vanquished Creatures (others)
  A dancing weapon (Snake:1)
  An ogre (Orc:1)
  An orc (Orc:2)
  A goblin (Bailey)
  2 hobgoblins (Bailey)
  2 spectral weapons (Snake:1)
8 creatures vanquished.

Grand Total: 683 creatures vanquished

Notes
Turn   | Place    | Note
-------+----------+-------------------------------------------
     0 | D:1      | NateTC the Minotaur Chaos Knight began the quest for the
                  | Orb.
     0 | D:1      | Reached XP level 1. HP: 19/19 MP: 0/0
    56 | D:1      | XOM: silly message
   135 | D:1      | You fall into a shaft and drop 1 floor!
   139 | D:2      | Identified the +0 robe of Sawuj {rF+ rC- Int+5}
   160 | D:2      | XOM: potion effect (brilliance)
   165 | D:2      | Reached XP level 2. HP: 22/26 MP: 1/1
   233 | D:2      | Reached skill level 5 in Axes
   328 | D:2      | Reached XP level 3. HP: 28/33 MP: 2/2
   334 | D:2      | Reached skill level 4 in Fighting
   498 | D:1      | XOM: cloud trail
   676 | D:1      | XOM: 2-stop teleportation journey
  1153 | D:2      | XOM: god gift: 525 gold pieces
  1342 | D:2      | XOM: god gift: robe {god gift}
  1366 | D:3      | Noticed Sigmund
  1367 | D:3      | XOM: smoke on damage
  1378 | D:3      | Killed Sigmund
  1379 | D:3      | Reached skill level 5 in Fighting
  1379 | D:3      | Reached XP level 4. HP: 21/42 MP: 3/3
  1379 | D:3      | Reached XP level 5. HP: 24/48 MP: 4/4
  1493 | D:3      | XOM: divination: magic mapping
  1616 | D:3      | Found a sparkling altar of Nemelex Xobeh.
  1881 | D:3      | Found Waem's Armour Boutique.
  1968 | D:3      | XOM is BORED!
  1968 | D:3      | XOM: give mutation
  1968 | D:3      | Gained mutation: Potions are less effective at restoring
                  | your health. [Xom's mischief]
  2150 | D:3      | Identified the +2 whip "Temneivuif" {flame, rPois}
  2231 | D:3      | XOM: god gift: 6 stones
  2297 | D:4      | Found a shadowy altar of Dithmenos.
  2378 | D:4      | Noticed a black bear
  2386 | D:4      | Killed a black bear
  2387 | D:4      | Reached XP level 6. HP: 50/56 MP: 5/5
  2388 | D:4      | Found Esmenam's Weapon Shoppe.
  2393 | D:4      | Bought a +4 heavy morningstar for 321 gold pieces
  2512 | D:4      | Noticed Eustachio
  2512 | D:4      | Noticed Duvessa
  2514 | D:4      | Noticed Dowan
  2528 | D:4      | Killed Duvessa
  2528 | D:4      | XOM: cast spell 'Statue Form'
  2529 | D:4      | Reached XP level 7. HP: 35/61 MP: 6/6
  2530 | D:4      | Killed Eustachio
  2531 | D:4      | Killed Dowan
  2584 | D:4      | Reached skill level 5 in Maces & Flails
  2860 | D:4      | Identified the amulet "Yhaqutt" {RegenMP rN+ Str-4 Int+3}
                  | (Xom gifted it to you on level 4 of the Dungeon)
  2860 | D:4      | XOM: god gift: amulet "Yhaqutt" {RegenMP rN+ Str-4 Int+3}
  2873 | D:4      | XOM: 1-stop teleportation journey
  2890 | D:4      | XOM: god gift: Xom's Incunabulum of the Death Scarab {god
                  | gift}
  2891 | D:4      | Got Xom's Incunabulum of the Death Scarab {god gift}
  2893 | D:4      | Found a runed translucent gate.
  2893 | D:4      | Identified the +6 chain mail of Experimentation {rPois}
  2894 | D:4      | Found a runed translucent gate.
  2894 | D:4      | Found a runed translucent gate.
  2896 | D:4      | Noticed TrollFarmer's ghost (amateur DjFE)
  2924 | D:4      | Found a shimmering blue altar of Sif Muna.
  2988 | D:4      | XOM: noise
  3053 | D:4      | XOM: confuse monster(s)
  3129 | D:4      | XOM: polymorph orc -> rat
  3156 | D:3      | XOM: scenery: create altars
  3164 | D:4      | Killed TrollFarmer's ghost
  3273 | D:5      | Entered Level 5 of the Dungeon
  3298 | D:5      | Reached XP level 8. HP: 68/68 MP: 7/7
  3352 | D:5      | XOM: stat loss: -1 Dex (9/10)
  3569 | D:5      | Noticed Edmund
  3569 | D:5      | XOM: fake destruction
  3583 | D:5      | Killed Edmund
  3584 | D:5      | Reached skill level 5 in Armour
  3715 | D:5      | Noticed a two-headed ogre
  3717 | D:5      | Noticed adelrune's ghost (novice TrBe)
  3725 | D:5      | XOM: give mutations
  3725 | D:5      | Gained mutation: You are partially covered in iridescent
                  | scales. (AC +2) [Xom's mischief]
  3725 | D:5      | Gained mutation: You have sharp toenails. [Xom's mischief]
  3725 | D:5      | Gained mutation: You are strong-willed. (Will+) [Xom's
                  | mischief]
  3725 | D:5      | Gained mutation: You occasionally shout uncontrollably at
                  | your foes. [Xom's mischief]
  3749 | D:5      | Found a transporter.
  3759 | D:5      | XOM: summons 6 friendly demons
  3772 | D:5      | Found a transporter.
  3773 | D:5      | XOM: 1-stop teleportation journey
  3876 | D:5      | Noticed Grinder
  3881 | D:5      | XOM: cast spell 'Statue Form'
  3885 | D:5      | Paralysed by Grinder for 2 turns
  3886 | D:5      | Killed Grinder
  3922 | D:5      | Found a sacrificial altar of Ru.
  4161 | D:6      | XOM: 5-stop teleportation journey
  4967 | D:7      | Found a white marble altar of Elyvilon.
  5001 | D:7      | XOM: give mutations
  5001 | D:7      | Gained mutation: You have a pair of large horns on your
                  | head. [Xom's grace]
  5001 | D:7      | Gained mutation: You are resistant to electric shocks.
                  | (rElec) [Xom's grace]
  5053 | D:7      | Reached skill level 1 in Shields
  5100 | D:7      | Found a bloodstained altar of Trog.
  5192 | D:7      | Reached XP level 9. HP: 74/74 MP: 8/8
  5204 | D:7      | XOM: noise
  5385 | D:7      | Reached skill level 5 in Shields
  5412 | D:7      | Reached skill level 10 in Maces & Flails
  5460 | D:7      | Found a staircase to the Ecumenical Temple.
  5463 | D:7      | XOM: smoke on damage
  5570 | D:7      | XOM: summons 3 hostile shadow creatures
  5612 | D:7      | XOM: stat loss: -1 Dex (9/10)
  6013 | D:8      | XOM: silly message
  6031 | D:8      | Found a flagged portal.
  6041 | Bailey   | Entered a bailey
  6108 | Bailey   | Noticed an orc sorcerer
  6112 | Bailey   | Noticed an orc knight
  6113 | Bailey   | XOM: chaos upgrade
  6115 | Bailey   | Killed an orc sorcerer
  6116 | Bailey   | Reached skill level 6 in Fighting
  6116 | Bailey   | Reached XP level 10. HP: 83/83 MP: 9/9
  6124 | Bailey   | Killed an orc knight
  6165 | Bailey   | Found an iron altar of Okawaru.
  6167 | Bailey   | Noticed an orc high priest
  6168 | Bailey   | XOM: summons 6 hostile demons
  6169 | Bailey   | Noticed an orange demon
  6169 | Bailey   | Noticed a rust devil
  6175 | Bailey   | Killed an orc high priest
  6176 | Bailey   | Reached skill level 7 in Fighting
  6301 | Bailey   | XOM: 2-stop teleportation journey
  6339 | Bailey   | XOM: fake destruction
  6342 | Bailey   | XOM: destruction
  6408 | Bailey   | Reached skill level 8 in Fighting
  6484 | Bailey   | XOM: potion effect (curing)
  6522 | Bailey   | XOM: silly message
  6636 | Bailey   | Acquired the +0 pair of boots of Gaoca {Str+3 Int+6}
  6651 | D:8      | Noticed Maggie
  6658 | D:8      | Killed Maggie
  6760 | D:8      | Noticed Pikel
  6772 | D:8      | Killed Pikel
  6773 | D:8      | Reached skill level 9 in Fighting
  6778 | D:8      | Identified the +1 robe of Circular Logic {Str+4 Int+2}
  6782 | D:8      | Noticed Psyche
  6788 | D:8      | Killed Psyche
  6903 | D:8      | Noticed Erica
  6912 | D:8      | Killed Erica
  6940 | D:8      | Found a hazy altar of Hepliaklqana.
  6960 | D:8      | XOM: divination: magic mapping
  6973 | D:8      | XOM is BORED!
  6973 | D:8      | XOM: silly message
  7009 | D:8      | Reached XP level 11. HP: 88/98 MP: 10/10
  7168 | D:8      | Found a burning altar of Makhleb.
  7212 | D:8      | XOM: silly message
  7278 | D:8      | XOM: divination: magic mapping
  7315 | D:8      | XOM: silly message
  7370 | D:8      | Noticed Joseph
  7374 | D:8      | XOM: potion effect (haste)
  7380 | D:8      | Killed Joseph
  7381 | D:8      | Reached skill level 10 in Fighting
  7506 | D:9      | Noticed a two-headed ogre
  7513 | D:9      | XOM: potion effect (might)
  7519 | D:9      | Killed a two-headed ogre
  7524 | D:9      | Noticed Harold
  7531 | D:9      | XOM: potion effect (attraction)
  7535 | D:9      | Killed Harold
  7539 | D:9      | Noticed a death yak
  7540 | D:9      | Noticed a death yak
  7542 | D:9      | Noticed a death yak
  7543 | D:9      | XOM: potion effect (might)
  7544 | D:9      | Reached skill level 11 in Fighting
  7547 | D:9      | Killed a death yak
  7552 | D:9      | XOM: potion effect (heal wounds)
  7553 | D:9      | Killed a death yak
  7556 | D:9      | XOM: potion effect (brilliance)
  7558 | D:9      | XOM: potion effect (berserk rage)
  7568 | D:9      | Killed a death yak
  7569 | D:9      | Reached skill level 12 in Fighting
  7584 | D:9      | Reached skill level 15 in Maces & Flails
  7587 | D:9      | XOM: potion effect (haste)
  7690 | D:9      | Found a staircase to the Orcish Mines.
  7696 | D:9      | Found a staircase to the Lair.
  7699 | D:9      | XOM: scenery: summon butterflies
  7918 | D:9      | Reached XP level 12. HP: 108/113 MP: 11/11
  7918 | D:9      | Noticed a centaur warrior
  7927 | D:9      | Killed a centaur warrior
  7983 | D:9      | XOM: give mutations
  7983 | D:9      | Gained mutation: You are robust. (+10% HP) [Xom's grace]
  7983 | D:9      | Gained mutation: Your flesh is heat resistant. (rF+) [Xom's
                  | grace]
  8127 | Lair:1   | Entered Level 1 of the Lair of Beasts
  8150 | Lair:1   | Noticed Gastronok
  8154 | Lair:1   | XOM: butterfly on damage
  8158 | Lair:1   | XOM: cast spell 'Chain of Chaos'
  8165 | Lair:1   | Killed Gastronok
  8183 | Lair:1   | XOM: give mutations
  8183 | Lair:1   | Gained mutation: You are very robust. (+20% HP) [Xom's
                  | grace]
  8183 | Lair:1   | Gained mutation: Your mind is acute. (Int +4, Str/Dex -1)
                  | [Xom's grace]
  8183 | Lair:1   | Gained mutation: Your movements are slightly less
                  | encumbered by armour. (ER -2) [Xom's grace]
  8184 | Lair:1   | Noticed Urug
  8224 | Lair:1   | Killed Urug
  8359 | Lair:1   | Noticed Amaemon
  8360 | Lair:1   | XOM: confuse monster(s)
  8367 | Lair:1   | XOM: summons 12 friendly demons
  8391 | Lair:1   | Killed Amaemon
  8392 | Lair:1   | Reached skill level 10 in Shields
  8398 | Lair:1   | XOM: 1-stop teleportation journey
  8418 | Lair:1   | XOM: destruction
  8422 | Lair:1   | Reached skill level 10 in Armour
  8683 | Lair:1   | Reached skill level 13 in Fighting
  8717 | Lair:1   | XOM: cleaving
  8718 | Lair:1   | XOM: cleaving
  8726 | Lair:1   | XOM: summons friendly iron imp
  9390 | Lair:2   | Reached skill level 14 in Fighting
  9422 | Lair:2   | XOM: 2-stop teleportation journey
  9539 | Lair:2   | XOM: scenery: create altars
  9566 | Lair:2   | Found a staircase to the Snake Pit.
  9582 | Lair:2   | Noticed a boulder beetle
  9583 | Lair:2   | Noticed a five-headed hydra
  9592 | Lair:2   | Killed a two-headed hydra
  9593 | Lair:2   | Reached XP level 13. HP: 129/150 MP: 12/12
  9593 | Lair:2   | XOM: polymorph centaur -> wolf
  9598 | Lair:2   | Found a staircase to the Shoals.
  9838 | Lair:2   | Reached skill level 15 in Fighting
 10071 | Lair:2   | XOM: god gift: potion of brilliance
 10197 | Lair:3   | XOM: stealth player
 10404 | Lair:3   | XOM: snakes to sticks
 10443 | Lair:3   | XOM: polymorph rime drake -> blink frog
 10462 | Lair:3   | XOM: summons friendly ufetubus
 10468 | Lair:3   | Reached skill level 16 in Fighting
 10473 | Lair:3   | XOM: smoke on damage
 10565 | Lair:3   | XOM: cleaving
 10570 | Lair:3   | XOM: summons 1 hostile shadow creature
 10919 | Lair:3   | XOM: summons friendly quasit
 10926 | Lair:3   | Reached skill level 17 in Fighting
 11336 | Lair:4   | XOM: summons friendly iron imp
 11475 | Lair:4   | Reached skill level 18 in Fighting
 11574 | Lair:4   | You fall into a shaft and drop 1 floor!
 11574 | Lair:5   | Entered Level 5 of the Lair of Beasts
 12048 | Lair:4   | XOM: scenery: create altars
 12268 | Lair:5   | Found an ornate altar of the Wu Jian Council.
 12282 | Lair:5   | Found a glowing silver altar of Zin.
 12284 | Lair:5   | XOM: polymorph polar bear -> yak
 12315 | Lair:5   | XOM: god gift: +4 demon whip of chaos
 12330 | Lair:5   | XOM: scenery: create altars
 12424 | Lair:5   | Reached skill level 19 in Fighting
 12442 | Lair:5   | Found a staircase to the Slime Pits.
 12486 | Lair:5   | XOM: 3-stop teleportation journey
 12517 | Lair:5   | XOM: divination: detect items
 12578 | Lair:5   | XOM: fake destruction
 12583 | Lair:5   | Reached XP level 14. HP: 168/175 MP: 13/13
 12618 | Lair:5   | XOM: divination: detect creatures
 12624 | Lair:5   | Found a hide-covered altar of Uskayaw.
 12685 | Lair:5   | XOM: give mutations
 12685 | Lair:5   | Gained mutation: You are somewhat resistant to further
                  | mutation. [Xom's grace]
 12685 | Lair:5   | Gained mutation: You are highly strong-willed. (Will++)
                  | [Xom's grace]
 12713 | Lair:5   | XOM: polymorph jelly -> iguana
 12750 | Lair:5   | Found a viscous altar of Jiyva.
 12809 | Lair:5   | XOM: give mutation
 12809 | Lair:5   | Gained mutation: You possess an exceptional clarity of
                  | mind. [Xom's grace]
 12915 | Lair:5   | XOM: potion effect (might)
 12916 | Lair:5   | Reached skill level 20 in Fighting
 12922 | Lair:5   | XOM: 4-stop teleportation journey
 13071 | Lair:5   | XOM: summons friendly crimson imp
 13363 | Snake:1  | Entered Level 1 of the Snake Pit
 13445 | Snake:1  | XOM: potion effect (might)
 13453 | Snake:1  | Reached skill level 21 in Fighting
 13531 | Snake:1  | XOM: summons friendly crimson imp
 13839 | Snake:1  | XOM: summons 9 friendly demons
 14086 | Snake:1  | XOM: cloud trail
 14111 | Snake:1  | Noticed Asterion
 14119 | Snake:1  | Killed Asterion
 14120 | Snake:1  | Noticed Aizul
 14122 | Snake:1  | Noticed Mlioglotl
 14125 | Snake:1  | Killed Aizul
 14125 | Snake:1  | XOM: scenery: summon butterflies
 14128 | Snake:1  | Killed Mlioglotl
 14130 | Snake:1  | XOM: fog
 14316 | Snake:1  | XOM: give mutations
 14316 | Snake:1  | Gained mutation: You are agile. (Dex +4, Str/Int -1) [Xom's
                  | grace]
 14316 | Snake:1  | Gained mutation: A frigid envelope surrounds you and
                  | freezes all who hurt you. [Xom's grace]
 14316 | Snake:1  | Gained mutation: Your muscles are strong. (Str +4, Int/Dex
                  | -1) [Xom's grace]
 14316 | Snake:1  | Gained mutation: You are very agile. (Dex +8, Str/Int -2)
                  | [Xom's grace]
 14470 | Snake:1  | XOM: cloud trail
 14767 | Snake:2  | Noticed Nikola
 14777 | Snake:2  | Killed Nikola
 14851 | Snake:2  | XOM: god gift: chain mail {god gift}
 14894 | Snake:2  | XOM: scenery: summon butterflies
 14947 | Snake:2  | Reached XP level 15. HP: 117/189 MP: 14/14
 15077 | Snake:2  | Noticed Vashnia
 15092 | Snake:2  | Killed Vashnia
 15140 | Snake:2  | XOM: 6-stop teleportation journey
 15305 | Snake:2  | Noticed Kirke
 15312 | Snake:2  | Killed Kirke
 15313 | Snake:2  | Reached skill level 15 in Shields
 15581 | Snake:2  | XOM: scenery: summon butterflies
 15587 | Snake:2  | XOM: fog
 15617 | Snake:2  | XOM: fog
 15628 | Snake:2  | XOM: cloud trail
 15654 | Snake:2  | Reached skill level 22 in Fighting
 15686 | Snake:2  | XOM: enchant monster (good)
 15690 | Snake:2  | XOM: cleaving
 15714 | Snake:2  | XOM: summons 4 hostile demons
 15774 | Snake:2  | Identified the amulet of Conflict {Reflect rPois Int+3
                  | SH+5}
 15903 | Snake:2  | XOM: give mutation
 15903 | Snake:2  | Lost mutation: You are resistant to electric shocks.
                  | (rElec) [Xom's mischief]
 15988 | Snake:3  | XOM: repel stairs
 16218 | Snake:3  | Noticed a nagaraja
 16364 | Orc:1    | Entered Level 1 of the Orcish Mines
 16368 | Orc:1    | XOM: destruction
 16377 | Orc:1    | Reached skill level 23 in Fighting
 16502 | Orc:1    | Found Gijus's Overcharged Wands.
 16634 | Orc:1    | XOM: stat loss: -1 Str (27/28)
 16648 | Orc:1    | Found Paukkey's Antique Weapon Shop.
 16648 | Orc:1    | XOM: 3-stop teleportation journey
 16697 | Orc:2    | Entered Level 2 of the Orcish Mines
 16697 | Orc:2    | Noticed Jorgrun
 16702 | Orc:2    | XOM: summons 3 friendly demons
 16705 | Orc:2    | XOM: divine lightning
 16708 | Orc:2    | Killed Jorgrun
 16829 | Orc:2    | XOM: stat loss: -1 Str (26/28)
 17557 | Orc:2    | Found a staircase to the Elven Halls.
 17879 | Orc:2    | Found Tegh's Magic Scroll Emporium.
 17894 | Orc:2    | Found Xevyom's General Store.
 17904 | Orc:2    | XOM: noise
 17968 | Orc:2    | Bought a scroll of teleportation for 39 gold pieces
 17968 | Orc:2    | Bought a scroll of enchant armour for 97 gold pieces
 17968 | Orc:2    | Bought a scroll of teleportation for 39 gold pieces
 17968 | Orc:2    | Bought a scroll of teleportation for 39 gold pieces
 17970 | Orc:2    | Bought a scroll of teleportation for 54 gold pieces
 18041 | Orc:2    | Reached XP level 16. HP: 208/208 MP: 15/15
 18079 | Orc:2    | Reached skill level 24 in Fighting
 18088 | Orc:2    | XOM: polymorph hellwing -> ice devil
 18091 | Orc:2    | XOM: chaos cloud
 18105 | Orc:2    | Paralysed by you for 5 turns
 18110 | Orc:2    | HP: 6/208 [red devil/+1 vampiric demon trident (9)]
 18111 | Orc:2    | XOM: potion effect (haste)
 18113 | Orc:2    | HP: 2/208 [red devil/+1 vampiric demon trident (2)]
 18114 | Orc:2    | Slain by an orc warrior

Illustrated notes

Levels and vault maps discovered:
D:1:      shiori_arrival_elements, layout_loops_ring,
          minmay_misc_feat_more_columns
D:2:      cheibrodos_helix_gallery, layout_basic
D:3:      cheibrodos_greedy_goblins, layout_loops_corners,
          nemelex_spade_bored_becter, serial_shops, shop, uniq_sigmund
D:4:      layout_loops_ring, mainiacjoe_overflow_swirl, serial_shops, shop,
          biasface_ghost_orc_armoury, uniq_eustachio, uniq_duvessa
D:5:      layout_basic, nicolae_ru_path_of_blood, gammafunk_ghost_arena,
          uniq_grinder, uniq_edmund
D:6:      layout_gridville
D:7:      minmay_thinvault, layout_basic, elyvilon_altar_3,
          mainiacjoe_overflow_boulevard, minmay_temple_entry_proselytizer
D:8:      layout_loops_corners, nzn_hepliaklqana_mist_gate,
          lightli_temple_of_fire, enter_bailey_5, uniq_erica, uniq_maggie,
          uniq_pikel, uniq_joseph, uniq_psyche
D:9:      cheibrodos_barr_body, layout_rooms, dpeg_lair_monsters, minivault_10,
          uniq_harold
Lair:1:   minmay_lair_venomous_thicket, layout_small_grid, serial_bayou_shore_b,
          uniq_urug, uniq_amaemon, uniq_gastronok
Lair:2:   layout_cave_pods, minmay_shoals_entry_centaurs,
          guppyfry_snake_entry_garden, minivault_25, st_stairs_3,
          grunt_megastairs_5
Lair:3:   nzn_winding_woodlands_stair_cross [nzn_winding_woodlands_5x15_crooked,
          nzn_winding_woodlands_center_lodge,
          nzn_winding_woodlands_5x15_default, nzn_winding_woodlands_5x5_three,
          nzn_winding_woodlands_5x5_closed_star,
          nzn_winding_woodlands_5x15_default,
          nzn_winding_woodlands_center_diamonds,
          nzn_winding_woodlands_5x15_jagged], layout_chaotic_city,
          serial_bayou_shore_b, serial_bayou_shore_a
Lair:4:   layout_concentric_octagons, minivault_19, pond, lemuel_fruit_fields
Lair:5:   grunt_lair_end_beastmaster, layout_regular_city,
          nicolae_slime_entry_field_trip, basic_altar, st_stairs_6,
          nzn_masters_of_martial_movement
Snake:1:  nrook_guardian_serpent_snake_passage, layout_layer_cave,
          grunt_ministairs_14, uniq_asterion, uniq_mlioglotl, uniq_aizul
Snake:2:  kennysheep_snake, layout_rooms, nicolae_snake_single_loop,
          uniq_vashnia, uniq_nikola, uniq_kirke
Snake:3:  kennysheep_six_static_rooms, layout_misc_corridors, st_stairs_5,
          nicolae_snake_serpentine_hallways, statue_in_the_mist_lemuel,
          serial_bayou_ford_a, uniq_agnes
Orc:1:    layout_caves, serial_shops, nicolae_shop_getting_attention,
          nicolae_shop_overcharged_wands
Orc:2:    pf_orc_diabolical, layout_diamond_mine, uniq_jorgrun

Skill      XL: |  1  2  3  4  5  6  7  8  9 10 11 12 13 14 15 16 |
---------------+-------------------------------------------------+-----
Axes           | 4 5 6 7 8 |  8.1
Fighting       | 5 6 9 12 14 19 21 23 24 | 24.2
Armour         | 3 7 10 | 10.4
Maces & Flails | 2 6 9 11 13 15 | 15.2
Shields        | 1 7 10 13 15 | 15.2
Dodging        | |  1.1

Action                     |  1- 3 |  4- 6 |  7- 9 | 10-12 | 13-15 | 16-18 || total
---------------------------+-------+-------+-------+-------+-------+-------++-------
  Melee: Broad axe         |    62 |    36 |       |    28 |    97 |    12 ||   235
         Headbutt          |     7 |     5 |    18 |    74 |   142 |    13 ||   259
         Punch             |     1 |       |       |       |       |       ||     1
         Morningstar       |       |    18 |   174 |   373 |   642 |    39 ||  1246
         Kick              |       |       |    33 |    18 |       |       ||    51
  Evoke: Piece from Xom's  |       |     1 |     2 |       |     5 |       ||     8
    Use: Scroll            |     8 |     6 |     9 |    12 |     6 |       ||    41
         Potion            |       |     3 |       |     1 |       |       ||     4
   Stab: Fleeing           |     1 |       |       |       |       |       ||     1
         Petrified         |       |       |       |       |    11 |       ||    11
         Petrifying        |       |       |       |       |     3 |       ||     3
         Distracted        |       |       |       |       |     1 |       ||     1
 Armour: Leather armour    |    27 |       |       |       |       |       ||    27
         Chain mail        |     5 |    32 |   105 |   300 |   461 |    40 ||   943
         Skin              |       |       |     4 |       |       |       ||     4
  Dodge: Dodged            |    42 |    27 |    73 |   176 |   252 |    32 ||   602
  Block: Buckler           |       |       |    32 |   184 |   187 |       ||   403
         Kite shield       |       |       |       |       |   393 |    84 ||   477
         Reflection        |       |       |       |       |     9 |       ||     9
